 Dungeon Crawl Stone Soup version 0.29-a0-275-g389c0b56f3 (webtiles) character file.

Game seed: 14252568544039865471

287 Leszczynek the Chopper (level 6, -4/47 HPs)
             Began as a Human Gladiator on Mar 11, 2022.
             Slain by an ogre
             ... wielding a +0 giant spiked club
              (15 damage)
             ... on level 5 of the Dungeon.
             The game lasted 00:05:58 (997 turns).

Leszczynek the Chopper (Human Gladiator)             Turns: 997, Time: 00:05:59

Health: -4/47      AC:  8    Str: 16    XL:     6   Next: 56%
Magic:  6/6        EV: 12    Int:  8    God:
Gold:   172        SH:  0    Dex: 21    Spells: 5/5 levels left

rFire   . . .      SeeInvis .   a - +0 war axe
rCold   . . .      Faith    .   (no shield)
rNeg    . . .      Spirit   .   q - +0 ring mail
rPois   .          Reflect  .   c - +0 helmet
rElec   .          Harm     .   (no cloak)
rCorr   .          Rampage  .   o - +0 pair of gloves
Will    .....                   n - +0 pair of boots
Stlth   +.........              (no amulet)
HPRegen 0.15/turn               m - +6 ring of dexterity
MPRegen 0.10/turn               (no ring)

@: hasted, very quick
A: no striking features
a: no special abilities


You were on level 5 of the Dungeon.
You visited 1 branch of the dungeon, and saw 5 of its levels.

You collected 172 gold pieces.

Inventory:

Hand Weapons
 a - a +0 war axe (weapon)
 b - a +0 hunting sling
Missiles
 e - a javelin (quivered)
Armour
 c - a +0 helmet (worn)
 j - a +0 leather armour
 n - a +0 pair of boots (worn)
 o - a +0 pair of gloves (worn)
 q - a +0 ring mail (worn)
Jewellery
 m - a +6 ring of dexterity (left hand)
Scrolls
 h - 2 scrolls of teleportation {unknown}
 k - a scroll of identify {unknown}
 l - a scroll of amnesia {unknown}
 p - a scroll of summoning {unknown}
 r - 2 scrolls of fog {unknown}
Potions
 f - a potion of curing {unknown}
 g - a potion of mutation {unknown}
 i - 2 potions of cancellation
 t - a potion of lignification {unknown}


   Skills:
 + Level 3.4 Fighting
 - Level 6.2 Axes
 - Level 2.0 Throwing
 - Level 3.0 Dodging


You had 5 spell levels left.
You didn't know any spells.
Your spell library was empty.

Dungeon Overview and Level Annotations

Branches:
Dungeon (5/15)
 Temple: D:4-7

Altars:

Annotations:
D:2 1 runed translucent door, Crazy Yiuf


Message History

You kill the hound!
The necrophage hits you but does no damage.
You see here a hound corpse.
You slash the necrophage!
The necrophage is heavily damaged.
The necrophage closely misses you.
You slash the necrophage!
The necrophage is almost destroyed.
You barely miss the necrophage.
The necrophage is almost destroyed.
The necrophage hits you but does no damage.
You barely miss the necrophage.
The necrophage is almost destroyed.
The necrophage misses you.
You barely miss the necrophage.
The necrophage is almost destroyed.
The necrophage barely misses you.
You slash the necrophage!
You destroy the necrophage!
Your Fighting skill increases to level 3!
You see here a necrophage corpse.
You see here a hound corpse.
You see here a hound corpse.
You open the door.
An ogre comes into view. It is wielding a +0 giant spiked club.
The ogre shouts!
There is an open door here.
You hit the ogre but do no damage. The ogre closely misses you.
You slash the ogre!
The ogre is heavily wounded.
You hit the ogre.
The ogre is heavily wounded.
The ogre hits you with a +0 giant spiked club!
* * * LOW HITPOINT WARNING * * *
You hit the ogre but do no damage.
The ogre is heavily wounded.
You hit the ogre.
The ogre is severely wounded.
The ogre hits you with a +0 giant spiked club!
You die...

###.#..........#.....
......#.......####.# .
...####........†..(#..
..# #######).##....>...
..###########...........$
................###+###'#
#######..####...#..# . #
#....## ###.#..# #
#..#### #.@O.+ # #.
###..# .. ..# .$ ##+ #


You could see an ogre.

Vanquished Creatures
  2 scorpions (D:4)
  A necrophage (D:5)
  A hound (D:5)
  4 adders
  A white imp (D:5)
  An orc (D:3)
  5 endoplasms
  4 giant cockroaches
  3 goblins
  6 hobgoblins
  6 ball pythons
  3 bats
  2 frilled lizards (D:2)
  A rat (D:1)
40 creatures vanquished.

Notes
Turn   | Place    | Note
-------+----------+-------------------------------------------
     0 | D:1      | Leszczynek the Human Gladiator began the quest for the Orb.
     0 | D:1      | Reached XP level 1. HP: 16/16 MP: 1/1
   158 | D:2      | Reached XP level 2. HP: 22/22 MP: 2/2
   274 | D:2      | Reached skill level 4 in Axes
   274 | D:2      | Reached XP level 3. HP: 27/27 MP: 3/3
   293 | D:2      | Found a runed translucent door.
   294 | D:2      | Noticed Crazy Yiuf
   514 | D:2      | Reached XP level 4. HP: 23/33 MP: 4/4
   605 | D:4      | Noticed an orc warrior
   746 | D:4      | Noticed a scorpion
   761 | D:4      | Killed a scorpion
   762 | D:4      | Reached skill level 5 in Axes
   762 | D:4      | Reached XP level 5. HP: 38/38 MP: 5/5
   821 | D:4      | Reached skill level 6 in Axes
   895 | D:5      | Entered Level 5 of the Dungeon
   930 | D:5      | Reached XP level 6. HP: 29/44 MP: 6/6
   938 | D:5      | Noticed an ice beast
   971 | D:5      | Reached skill level 3 in Fighting
   991 | D:5      | Noticed an ogre
   997 | D:5      | Slain by an ogre

Illustrated notes

Levels and vault maps discovered:
D:1:      minmay_arrival_open_corners, layout_loops_ring,
          hellmonk_ecumenical_altar_run_dry, grunt_decor_resistance,
          minmay_misc_feat_five
D:2:      minmay_chambers_of_twos, layout_loops_corners, serial_forest,
          infiniplex_forest_end_1, infiniplex_forest_lined_3_way,
          infiniplex_forest_end_2, infiniplex_forest_split,
          infiniplex_forest_straight_4, infiniplex_forest_straight_2,
          infiniplex_forest_lined_ring, minmay_cut_off, uniq_crazy_yiuf_cottage
D:3:      layout_loops_ring
D:4:      layout_basic
D:5:      layout_rooms, nicolae_hepliaklqana_monster_ancestors,
          mainiacjoe_overflow_24_doors, minivault_27, minmay_mini_ossuary

Skill      XL: |  1  2  3  4  5  6 |
---------------+-------------------+-----
Axes           | 4 5 6 |  6.2
Fighting       | 3 |  3.4
Throwing       | |  2.0
Dodging        | |  3.0

Action                   |  1- 3 |  4- 6 || total
-------------------------+-------+-------++-------
Melee: War axe           |    50 |    62 ||   112
       Punch             |       |     2 ||     2
 Fire: Hunting sling     |       |     4 ||     4
Throw: Throwing net      |       |     3 ||     3
  Use: Potion            |       |     2 ||     2
 Stab: Sleeping          |     2 |       ||     2
       Held in net/web   |       |     1 ||     1
Armor: Leather armour    |    14 |       ||    14
       Ring mail         |     1 |    18 ||    19
Dodge: Dodged            |    36 |    41 ||    77

Table legend: (Time is in decaauts)
 A = Elapsed time spent in this place.
 B = Non-inter-level travel time spent in this place.
 C = Inter-level travel time spent in this place.
 D = Time resting spent in this place.
 E = Time spent auto-exploring this place.
 F = Levels seen in this place.
 G = Mean time per level.
                   A        B        C        D        E       F      G
               +--------+--------+--------+--------+--------+-----+--------+
         Total |   1016 |    934 |     82 |      0 |      0 |   5 |  203.2 |
       Dungeon |   1016 |    934 |     82 |      0 |      0 |   5 |  203.2 |
               +--------+--------+--------+--------+--------+-----+--------+

Top non-repeatable levels by time:
     D:2: 371 daAuts
     D:3: 297 daAuts
     D:4: 136 daAuts
     D:1: 117 daAuts
     D:5: 94 daAuts
